 Dungeon Crawl Stone Soup version 0.30.0-15-g856e2d3f33 (webtiles) character file.

Game seed: 337273335364878209

337 qw the Shield-Bearer (level 6, -1/37 HPs)
             Began as a Gargoyle Fighter on May 21, 2023.
             Slain by an orc warrior
             ... wielding a +0 glaive
              (11 damage)
             ... on level 4 of the Dungeon.
             The game lasted 00:01:32 (2881 turns).

qw the Shield-Bearer (Gargoyle Fighter)             Turns: 2881, Time: 00:01:32

Health: -1/37      AC: 19    Str: 26    XL:     6   Next: 54%
Magic:  6/6        EV:  6    Int:  8    God:
Gold:   217        SH: 13    Dex:  9    Spells: 5/5 levels left

rFire   . . .        Y - +0 war axe
rCold   + . .        r - +0 tower shield
rNeg    + . .        f - +6 chain mail "Xyoveasch" {+Blink rElec rC+}
rPois   inf          (no helmet)
rElec   +            (no cloak)
rCorr   .            (no gloves)
SInv    .            (no boots)
Will    .....        (no amulet) Stlth
                     m - +6 ring of strength
HPRegen 0.26/turn    (no ring)
MPRegen 0.10/turn

%: clarity
@: no status effects
A: sickness immunity, AC +4, negative energy resistance 1, electricity
resistance, torment resistance 1, petrification resistance, clarity, weak 1,
MP-powered wands
a: Evoke Blink


You were on level 4 of the Dungeon.
You visited 1 branch of the dungeon, and saw 4 of its levels.

You collected 217 gold pieces.


Innate Abilities, Weirdness & Mutations

You are immune to sickness and miasma.
Your stone body is resilient. (AC +4)
You are immune to poison.
You resist negative energy. (rN+)
You are resistant to electric shocks. (rElec)
You are resistant to unholy torment.
You are immune to petrification.
You possess an exceptional clarity of mind.
You are weak. (Str -2)
You expend magic power (3 MP) to strengthen your wands.


   Skills:
 - Level 3.2 Fighting
 - Level 4.2 Axes
 - Level 3.2 Armour
 + Level 6.2 Shields


You had 5 spell levels left.
You didn't know any spells.
Your spell library was empty.

Inventory:

Hand Weapons
 e - a +0 flail
 Y - a +0 war axe (weapon)
Armour
 f - the +6 chain mail "Xyoveasch" (worn) {+Blink rElec rC+}
   (You found it on level 2 of the Dungeon)

   rC:        It protects you from cold.
   rElec:     It insulates you from electricity.
   +Blink:    It lets you blink.
 r - a +0 tower shield (worn)
Jewellery
 b - an amulet of faith
 m - a +6 ring of strength (left hand)
Scrolls
 k - 3 scrolls of identify
Potions
 a - a potion of haste
 c - a potion of heal wounds {unknown}
 d - a potion of might
 h - a potion of lignification
 j - a potion of attraction
 l - 2 potions of curing

Dungeon Overview and Level Annotations

Branches:
Dungeon (4/15)
 Temple: D:4-7

Altars:
Ru


Message History

The orc hits you but does no damage. You block the orc warrior's attack.
You block the orc's attack.
You hit the orc warrior.
The orc warrior is heavily wounded.
You hit the orc. You slash the orc!
You kill the orc!
The orc warrior hits you with a +0 glaive!
You block the orc's attack.
You slash the orc!
You kill the orc!
You closely miss the orc warrior. The orc warrior completely misses you.
You closely miss the orc warrior.
The orc warrior is heavily wounded.
You block the orc warrior's attack.
The orc warrior hits you with a +0 glaive.
You hit the orc warrior but do no damage.
The orc warrior is heavily wounded.
You block the orc warrior's attack.
You hit the orc warrior but do no damage.
The orc warrior is heavily wounded.
You block the orc warrior's attack. The orc warrior barely misses you.
You closely miss the orc warrior.
The orc warrior is heavily wounded.
The orc warrior hits you but does no damage.
You block the orc warrior's attack.
You hit the orc warrior.
The orc warrior is heavily wounded.
The orc warrior hits you but does no damage.
You slash the orc warrior!
The orc warrior is severely wounded.
The orc warrior hits you with a +0 glaive.
You block the orc warrior's attack.
You hit the orc warrior but do no damage.
The orc warrior is severely wounded.
The orc warrior hits you with a +0 glaive!
You closely miss the orc warrior.
The orc warrior is severely wounded.
The orc warrior hits you with a +0 glaive!
You die...

## #.####### # ..
.......##.. ..
#.........# #.
#........# . #.##
#.))o....# .. #..#
#..@#
..#####.######..##
................#
...#
#...........#...#
....##
#.......#####...#
...... ##.....##
#...## .....>
####....##
##...###.....#
.......##
#...<#....#
####..##
##........#


You could see an orc warrior.

Vanquished Creatures
  A jelly (D:4)
  An orc priest (D:4)
  Ijyb (D:3)
  Terence (D:3)
  Natasha (thrice) (D:3)
  8 adders
  A worm (D:4)
  4 dart slugs
  7 orcs (D:4)
  8 bats
  6 endoplasms
  2 giant cockroaches
  A goblin (D:1)
  4 hobgoblins
  5 kobolds
  A quokka (D:1)
  12 ball pythons
  3 frilled lizards
  3 rats
72 creatures vanquished.

Notes
Turn   | Place    | Note
-------+----------+-------------------------------------------
     0 | D:1      | qw the Gargoyle Fighter began the quest for the Orb.
     0 | D:1      | Reached XP level 1. HP: 14/14 MP: 1/1
     0 | D:1      | 0 ||| qw: Version: 0.2-a-98-g16b38d9
     0 | D:1      | 0 ||| qw: Game counter: 29
     0 | D:1      | 0 ||| qw: Always use a shield: true
     0 | D:1      | 0 ||| qw: God list: Okawaru
     0 | D:1      | 0 ||| qw: Allow faded altars: false
     0 | D:1      | 0 ||| qw: Do Orc after D:15 true
     0 | D:1      | 0 ||| qw: Do second Lair branch before Depths: true
     0 | D:1      | 0 ||| qw: Lair rune preference: random
     0 | D:1      | 0 ||| qw: Plans: Normal, Zot:1-4, God:TSO, Crypt, Tomb,
                  | Pan, Slime:5, Hells, Abyss, Win
     0 | D:1      | 0 ||| PLANNING D:1-11
   300 | D:1      | Reached XP level 2. HP: 19/19 MP: 2/2
   552 | D:1      | 552 ||| Stepping ~*~*~tactically~*~*~ (hiding).
   552 | D:1      | Found a faded altar of an unknown god.
   735 | D:1      | Reached skill level 3 in Axes
   939 | D:1      | 939 ||| DROPPING amulet of magic regeneration.
   940 | D:1      | 940 ||| READING scroll labelled MEWNY ZENEORUT.
   941 | D:1      | 941 ||| READING scroll labelled DECUICHOMP.
   942 | D:1      | 942 ||| READING scroll labelled DAKECV NAYHO.
   943 | D:1      | 943 ||| READING scroll labelled ZYMIATWIUN.
   946 | D:1      | 946 ||| DRINKING 3 fuming orange potions.
  1050 | D:1      | 1050 ||| DROPPING 2 potions of berserk rage.
  1098 | D:2      | Identified the +6 chain mail "Xyoveasch" {+Blink rElec rC+}
  1109 | D:2      | Reached XP level 3. HP: 23/23 MP: 3/3
  1145 | D:2      | 1145 ||| DROPPING +0 club.
  1346 | D:2      | Reached XP level 4. HP: 28/28 MP: 4/4
  1588 | D:2      | Found a sacrificial altar of Ru.
  1857 | D:2      | 1857 ||| UPGRADING to +6 chain mail "Xyoveasch" {+Blink
                  | rElec rC+}.
  1867 | D:2      | 1867 ||| DROPPING +0 scale mail.
  1868 | D:2      | 1868 ||| UPGRADING to +0 tower shield.
  1878 | D:2      | 1878 ||| DROPPING +0 buckler.
  1879 | D:2      | 1879 ||| READING scroll labelled KUSITA PULO.
  1880 | D:2      | 1880 ||| READING scroll labelled SAUZIE REALI.
  1881 | D:2      | 1881 ||| READING scroll labelled ANI KIESTITI.
  1882 | D:2      | 1882 ||| DRINKING 2 pink potions.
  1883 | D:2      | 1883 ||| DRINKING 3 grey potions.
  1920 | D:3      | Noticed Ijyb
  1921 | D:3      | 1921 ||| Stepping ~*~*~tactically~*~*~ (hiding).
  1933 | D:3      | HP: 7/28 [Ijyb/puff of flame (10)]
  1934 | D:3      | 1934 ||| READING scroll of teleportation.
  1935 | D:3      | Killed Ijyb
  1936 | D:3      | Reached XP level 5. HP: 9/32 MP: 5/5
  1989 | D:3      | Reached skill level 4 in Shields
  2026 | D:3      | Noticed Terence
  2029 | D:3      | 2029 ||| Stepping ~*~*~tactically~*~*~ (hiding).
  2039 | D:3      | Killed Terence
  2080 | D:3      | Noticed Natasha
  2084 | D:3      | Killed Natasha
  2170 | D:3      | Identified the +7 short sword of the Magi {flame, Fly rF+++
                  | rC- Str+3}
  2196 | D:3      | Noticed Natasha
  2197 | D:3      | 2197 ||| Stepping ~*~*~tactically~*~*~ (hiding).
  2206 | D:3      | Killed Natasha
  2207 | D:3      | Reached skill level 5 in Shields
  2277 | D:3      | Noticed Natasha
  2288 | D:3      | Killed Natasha
  2289 | D:3      | Reached XP level 6. HP: 16/37 MP: 6/6
  2577 | D:3      | 2577 ||| UPGRADING to +6 ring of strength.
  2578 | D:3      | 2578 ||| READING scroll labelled XUMESY PYAXO.
  2579 | D:3      | 2579 ||| READING 2 scrolls labelled PIUSIXKE FUOL.
  2580 | D:3      | 2580 ||| READING scroll labelled MYPIAK QUTIDAUM.
  2581 | D:3      | 2581 ||| DRINKING 2 sedimented emerald potions.
  2582 | D:3      | 2582 ||| DRINKING 2 cyan potions.
  2618 | D:3      | 2618 ||| DRINKING 2 murky cyan potions.
  2618 | D:3      | Gained mutation: You occasionally lose the ability to drink
                  | potions when taking damage. [potion of mutation]
  2619 | D:3      | 2619 ||| DRINKING potion of mutation.
  2619 | D:3      | Lost mutation: You occasionally lose the ability to drink
                  | potions when taking damage. [potion of mutation]
  2619 | D:3      | Gained mutation: You possess an exceptional clarity of
                  | mind. [potion of mutation]
  2619 | D:3      | Gained mutation: You are weak. (Str -2) [potion of
                  | mutation]
  2619 | D:3      | Gained mutation: You expend magic power (3 MP) to
                  | strengthen your wands. [potion of mutation]
  2620 | D:3      | 2620 ||| READING 4 scrolls of identify.
  2620 | D:3      | 2620 ||| IDENTIFYING bubbling red potion
  2621 | D:3      | 2621 ||| READING 3 scrolls of identify.
  2621 | D:3      | 2621 ||| IDENTIFYING sapphire potion
  2622 | D:3      | 2622 ||| READING 2 scrolls of identify.
  2622 | D:3      | 2622 ||| IDENTIFYING murky inky potion
  2623 | D:3      | 2623 ||| DROPPING scroll of summoning.
  2624 | D:3      | 2624 ||| DROPPING potion of invisibility.
  2625 | D:3      | 2625 ||| DROPPING potion of flight.
  2626 | D:3      | 2626 ||| DROPPING potion of magic.
  2627 | D:3      | 2627 ||| DROPPING potion of degeneration.
  2717 | D:4      | 2717 ||| Stepping ~*~*~tactically~*~*~ (stealth).
  2725 | D:4      | Reached skill level 6 in Shields
  2777 | D:4      | 2777 ||| DROPPING +0 whip.
  2863 | D:4      | Noticed an orc warrior
  2864 | D:4      | 2864 ||| Stepping ~*~*~tactically~*~*~ (hiding).
  2880 | D:4      | HP: 9/37 [orc warrior/+0 glaive (13)]
  2881 | D:4      | Slain by an orc warrior

Levels and vault maps discovered:
D:1:      dpeg_arrival_boxes_within_box, layout_loops_corners,
          basic_ecumenical_altar, amethyst_killhole,
          hangedman_abyss_or_decor_lesser_grid
D:2:      layout_loops_ring, basic_altar, minmay_snake_closets
D:3:      layout_rooms, minmay_pentomino_pile, uniq_natasha, uniq_ijyb,
          uniq_terence
D:4:      layout_layer_cave

Skill      XL: |  1  2  3  4  5  6 |
---------------+-------------------+-----
Axes           | 2 3 4 |  4.2
Shields        | 5 6 |  6.2
Fighting       | |  3.2
Armour         | |  3.2

Action                     |  1- 3 |  4- 6 || total
---------------------------+-------+-------++-------
  Melee: War axe           |    83 |   149 ||   232
         Unarmed           |       |     9 ||     9
    Use: Scroll            |     4 |    10 ||    14
         Potion            |     1 |     6 ||     7
 Armour: Scale mail        |    41 |    19 ||    60
         Chain mail        |       |    71 ||    71
         Skin              |       |     1 ||     1
  Dodge: Dodged            |    32 |    44 ||    76
  Block: Buckler           |    20 |    10 ||    30
         Tower shield      |       |    90 ||    90

Table legend:
 A = Non-vault XP
 B = Vault XP
 C = Vault XP percentage of total XP
 D = Non-vault monster count
 E = Vault monster count
 F = Vault count percentage of total count
                 A         B        C        D         E       F
            +---------+---------+-------+---------+---------+-------
      Total |     294 |     188 |  39.0 |      54 |      18 |  25.0
            +---------+---------+-------+---------+---------+-------
        D:1 |      32 |       0 |   0.0 |      16 |       0 |   0.0
        D:2 |      21 |      75 |  78.1 |      12 |      12 |  50.0
        D:3 |     113 |     113 |  50.0 |      13 |       6 |  31.6
        D:4 |     128 |       0 |   0.0 |      13 |       0 |   0.0
            +---------+---------+-------+---------+---------+-------
